 Dungeon Crawl Stone Soup version 0.14.1-24-gbdbe590 (webtiles) character file.

451 ChumbleSpuzz the Twirler (level 5, 0/42 HPs)
             Began as a Minotaur Gladiator on July 3, 2014.
             Slain by andrew's ghost (17 damage)
             ... on Level 4 of the Dungeon.
             The game lasted 00:10:41 (3305 turns).

ChumbleSpuzz the Twirler (Minotaur Gladiator)       Turns: 3305, Time: 00:10:42

HP   0/42        AC  3     Str 25      XL: 5   Next: 60%
MP   2/2         EV 12     Int  5      God:
Gold 237         SH  0     Dex 11      Spells:  0 memorised,  4 levels left

rFire  . . .     SeeInvis .     a - +0 quarterstaff
rCold  . . .     Clarity  .     b - +0 leather armour
rNeg   . . .     Conserve .     (no shield)
rPois  .         rCorr    .     c - +0 hat
rElec  .         rRot     .     (no cloak)
SustAb . .       Spirit   .     (no gloves)
rMut   .         Warding  .     (no boots)
Saprov . . .     Stasis   .     (no amulet)
MR     .....                    (no ring)
                                (no ring)

@: mighty, not resistant to hostile enchantments, very unstealthy
A: retaliatory headbutt, horns 2
a: no special abilities


You were on level 4 of the Dungeon.
You were hungry.

You visited 2 branches of the dungeon, and saw 5 of its levels.

You collected 237 gold pieces.

Inventory:

Hand weapons
 a - a +0,+0 quarterstaff (weapon)
Missiles
 d - 3 throwing nets (quivered)
 l - 4 curare-tipped needles
 w - 10 arrows
Armour
 b - a +0 leather armour (worn)
 c - a +0 hat (worn)
Magical devices
 B - a wand of slowing (14)
Comestibles
 f - 5 bread rations
 g - a rambutan
 i - 3 meat rations
 r - a slice of pizza
 z - a choko
 A - 2 rotting chunks of jackal flesh
 C - 11 grapes
 D - 2 chunks of goblin flesh
Scrolls
 h - a scroll of random uselessness {unknown}
 j - a scroll of enchant weapon II {unknown}
 m - a scroll of remove curse
 n - a scroll of identify
 o - a scroll of fog {unknown}
 q - a scroll of recharging {unknown}
Jewellery
 e - a +3 ring of intelligence {unknown}
 k - an uncursed ring of wizardry
 u - an uncursed amulet of clarity {unknown}
 y - an uncursed ring of protection from fire {unknown}
Potions
 s - 2 potions of resistance {unknown}
 t - a potion of curing {unknown}
 v - a potion of agility {unknown}
 x - 2 potions of poison {unknown}
 E - a potion of restore abilities {unknown}
 F - a potion of cure mutation {unknown}


   Skills:
 - Level 2.4 Fighting
 + Level 7.7 Staves
 - Level 2.0 Throwing
 - Level 3.2 Dodging


You had 4 spell levels left.
You didn't know any spells.

Dungeon Overview and Level Annotations

Branches:
Dungeon (4/15)             Temple (1/1) D:4

Altars:
Ashenzari
Dithmenos
Kikubaaqudgha
Makhleb
Sif Muna
Trog
Vehumet
Yredelemnul
Zin

Annotations:
D:4 andrew's ghost, experienced HOFi


Innate Abilities, Weirdness & Mutations

You reflexively headbutt those who attack you in melee.
You have a pair of horns on your head.


Message History

Andrew's ghost is moderately damaged.
Andrew's ghost hits you!
You hit andrew's ghost but do no damage.
Your headbutt misses andrew's ghost.
Andrew's ghost is moderately damaged.
Andrew's ghost hits you!
You barely miss andrew's ghost. You headbutt andrew's ghost.
Andrew's ghost is heavily damaged.
Andrew's ghost completely misses you. You furiously retaliate!
You headbutt andrew's ghost. You hit andrew's ghost.
Andrew's ghost is heavily damaged.
Andrew's ghost barely misses you.
You thump andrew's ghost!
Andrew's ghost is severely damaged.
Andrew's ghost closely misses you.
You sock andrew's ghost!
Andrew's ghost is almost destroyed.
Andrew's ghost hits you!
You die...

≈≈≈≈≈≈≈≈.................
≈≈≈≈≈≈≈≈≈≈≈.......≈≈≈≈#####.
≈≈≈≈≈≈≈≈≈≈≈≈.......≈≈≈≈# #.
≈≈≈≈≈≈≈≈≈≈≈≈≈.......≈≈≈≈# #.
.≈≈≈≈≈≈≈≈≈≈≈≈≈.......≈≈≈≈# #.
.≈≈≈≈≈≈≈≈≈≈≈≈≈.......≈≈≈≈# #.
.≈≈≈≈≈≈≈≈≈≈≈≈≈.......≈≈≈≈# #.
..≈≈≈≈≈≈≈≈≈≈≈≈≈.......≈≈≈≈# #%
..............p@......≈≈≈≈# #.
..≈≈≈≈≈..≈≈≈≈≈≈≈≈≈....≈≈≈≈# #.
..≈≈≈≈≈).≈.......≈....≈≈≈≈# #.
..≈≈≈≈≈..≈.......≈....≈≈≈≈# #.
≈≈.≈≈≈≈≈..≈.......≈....≈≈≈≈# #.
≈≈.≈≈≈≈≈..≈.≈≈≈≈≈≈≈....≈≈≈≈# #.
≈≈.≈≈≈≈≈.).............≈≈≈≈#####.
≈≈.≈≈≈≈≈.........................
##.#####.........................


You could see andrew's ghost.

Vanquished Creatures
  2 worker ants (D:4)
  An orc wizard (D:3)
  4 adders
  A giant mite (D:2)
  An orc skeleton (D:3)
  An inept feature mimic (Temple)
  2 worms (D:3)
  6 orcs
  2 ball pythons (D:3)
  4 giant cockroaches
  4 goblins
  5 hobgoblins
  2 jackals (D:4)
  5 kobolds
  An ooze (D:1)
  3 quokkas
  8 bats
  3 giant newts
  9 rats
64 creatures vanquished.

Notes
Turn   | Place    | Note
--------------------------------------------------------------
     0 | D:1      | ChumbleSpuzz, the Minotaur Gladiator, began the quest for the Orb.
     0 | D:1      | Reached XP level 1. HP: 18/18 MP: 1/1
    94 | D:1      | Reached skill level 4 in Staves
   143 | D:1      | Reached XP level 2. HP: 25/25 MP: 1/1
   860 | D:2      | Reached skill level 5 in Staves
   992 | D:2      | Reached XP level 3. HP: 25/30 MP: 2/2
  1921 | D:3      | Found a glowing silver altar of Zin.
  1931 | D:3      | Reached XP level 4. HP: 34/37 MP: 2/2
  1946 | D:3      | Reached skill level 6 in Staves
  2456 | D:3      | Reached XP level 5. HP: 30/42 MP: 2/2
  2643 | D:4      | Reached skill level 7 in Staves
  2657 | D:4      | Found a staircase to the Ecumenical Temple.
  2779 | Temple   | Entered the Ecumenical Temple
  3287 | D:4      | Noticed andrew's ghost (experienced HOFi)
  3305 | D:4      | Slain by andrew's ghost

Action                   |  1- 3 |  4- 6 || total
-------------------------+-------+-------++-------
Melee: Quarterstaff      |    92 |    76 ||   168
Evoke: Wand              |       |     1 ||     1
  Use: Scroll            |     4 |       ||     4
       Potion            |       |     1 ||     1
